 Dungeon Crawl Stone Soup version 0.29.1-12-g30fa7ad0bf (webtiles) character file.

Game seed: 13148045673903053522

119 xian the Ducker (level 4, -1/44 HPs)
             Began as a Troll Berserker on Dec 23, 2022.
             Was a Believer of Trog.
             Slain by an orc
             ... wielding a +2 hand axe of venom
              (2 damage)
             ... on level 2 of the Dungeon.
             The game lasted 00:03:39 (1277 turns).

xian the Ducker (Troll Berserker)                   Turns: 1277, Time: 00:03:42

Health: -1/44      AC:  5    Str: 27    XL:     4   Next: 73%
Magic:  3/3        EV: 10    Int:  3    God:    Trog [**....]
Gold:   85         SH:  0    Dex:  9    Spells: 3/3 levels left

rFire   . . .      SeeInvis .   m - +4 quarterstaff (chaos)
rCold   . . .      Faith    .   (shield currently unavailable)
rNeg    . . .      Spirit   .   b - +0 animal skin
rPois   .          Reflect  .   (helmet restricted)
rElec   .          Harm     .   n - +0 cloak
rCorr   .          Rampage  .   (gloves unavailable)
Will    .....                   (boots unavailable)
Stlth   +.........              (no amulet)
HPRegen 0.94/turn               (no ring)
MPRegen 0.08/turn               (no ring)

@: lethally poisoned (-1 -> -9), on berserk cooldown, slowed, very slow
A: large, unfitting armour, claws 3, regeneration 1, shaggy fur 1, tough skin 1
a: Renounce Religion, Berserk, Trog's Hand


You were on level 2 of the Dungeon.
You worshipped Trog.
Trog was pleased with you.
You visited 1 branch of the dungeon, and saw 3 of its levels.

You collected 85 gold pieces.

Inventory:

Hand Weapons
 m - a +4 quarterstaff of chaos (weapon)
Missiles
 e - 10 stones (quivered)
Armour
 b - a +0 animal skin (worn)
 c - an orb of guile
 n - a +0 cloak (worn)
Scrolls
 d - 2 scrolls of identify {unknown}
 h - a scroll of acquirement {unknown}
 j - a scroll of enchant weapon {unknown}
 k - a scroll of summoning {unknown}
 l - a scroll of amnesia {unknown}
Potions
 f - a potion of attraction {unknown}
 g - 2 potions of mutation {unknown}
 i - a potion of ambrosia {unknown}


   Skills:
 + Level 2.8 Fighting
 + Level 3.4 Axes
 + Level 0.1 Throwing
 + Level 3.4 Dodging


You had 3 spell levels left.
You didn't know any spells.
Your spell library contained the following spells:

 Spells                   Type           Power      Damage    Failure   Level
 Ensorcelled Hibernation  Hex/Ice        0%         N/A       67%         2
 Spider Form              Tmut/Pois      0%         N/A       88%         3
 Anguish                  Hex/Necr       0%         N/A       99%         4


Dungeon Overview and Level Annotations

Branches:
Dungeon (3/15)

Altars:

Shops:
D:1 (


Innate Abilities, Weirdness & Mutations

You are too large for most types of armour.
You have claws for hands.
Your natural rate of healing is unusually fast.
You are covered in fur. (AC +1)
You have tough skin. (AC +1)


Message History

The orc hits you with a +0 whip.
The gnoll hits you from afar with a +1 spear of venom.
You are more poisoned.
You closely miss the gnoll.
You feel very sick.
Unknown command.
You sock the gnoll! You burn the gnoll.
The gnoll is severely wounded.
You are no longer berserk.
You are exhausted.
You feel yourself slow down.
You feel sick. The orc hits you but does no damage. The orc barely misses you.
The gnoll misses you. The gnoll closely misses you.
You feel very sick.
The orc hits you with a +2 hand axe of venom.
The orc barely misses you. The gnoll barely misses you.
The gnoll completely misses you. The orc barely misses you.
The gnoll barely misses you.
The orc hits you with a +2 hand axe of venom.
You are more poisoned.
The gnoll hits you from afar with a +1 spear of venom.
You are lethally poisoned!
You climb upwards.
* * * LOW HITPOINT WARNING * * *
You feel extremely sick.
There is a stone staircase leading down here.
You sock the gnoll!
You feel better.
You kill the gnoll!
Trog accepts your kill.
* * * LOW HITPOINT WARNING * * *
You feel very sick. The orc hits you with a +0 whip.
* * * LOW HITPOINT WARNING * * *
The orc hits you with a +2 hand axe of venom.
* * * LOW HITPOINT WARNING * * *
You are more poisoned.
The orc hits you with a +0 whip.
* * * LOW HITPOINT WARNING * * *
The orc hits you with a +2 hand axe of venom.
You die...

####### ##.....### ###
.'.......#######.#
##.....#.#..)....#
#.....#...#.###.# #########
##.....###+#.# #.#####.......#
.#...........# #.............#
.######......###.o...........#
...............o@)........##.#
..........<..#################
#.####.......# ..# #.......#
..## #.......##♣♣ ##### ...#
#.......#..♣ ♣♣#..)# #####
...###.####.....♣♣♣♣♣.)...#
#...#
.......#..........♣..♣#...#
###.#
...###.#.##..#...♣.♣♣♣#####
#.#


You could see 2 orcs.

Vanquished Creatures
  Crazy Yiuf (D:2)
  2 gnolls
  4 adders (D:2)
  5 orcs (D:3)
  2 endoplasms (D:1)
  3 giant cockroaches
  3 hobgoblins (D:1)
  7 kobolds
  A quokka (D:2)
  4 ball pythons
  3 bats
  4 goblins
  2 rats (D:1)
41 creatures vanquished.

Vanquished Creatures (others)
  A fungus (D:1)
1 creature vanquished.

Grand Total: 42 creatures vanquished

Notes
Turn   | Place    | Note
-------+----------+-------------------------------------------
     0 | D:1      | xian the Troll Berserker began the quest for the Orb.
     0 | D:1      | Reached XP level 1. HP: 22/22 MP: 0/0
   175 | D:1      | Reached XP level 2. HP: 29/29 MP: 1/1
   245 | D:1      | Found a faded altar of an unknown god.
   318 | D:1      | Found Senyenix's Weapon Shop.
   634 | D:2      | Reached ** piety under Trog
   681 | D:2      | Reached XP level 3. HP: 26/36 MP: 2/2
  1031 | D:2      | Reached XP level 4. HP: 44/44 MP: 3/3
  1185 | D:2      | Found a runed translucent door.
  1186 | D:2      | Noticed Crazy Yiuf
  1196 | D:2      | Killed Crazy Yiuf
  1277 | D:2      | HP: 2/44 [orc/+2 hand axe of venom (5)]
  1277 | D:2      | Slain by an orc

Illustrated notes

Levels and vault maps discovered:
D:1:      matt_arrival_refuge, layout_rooms, shapermc_ecumenical_altar_ellora,
          serial_shops, shop
D:2:      layout_basic, uniq_crazy_yiuf_cottage
D:3:      layout_loops_ring, marbit_many_paths, minmay_vboxes

Skill      XL: |  1  2  3 |
---------------+----------+-----
Axes           | 3 |  3.4
Dodging        | 3 |  3.4
Fighting       | |  2.8
Throwing       | |  0.1

Action                   |  1- 3 |  4- 6 || total
-------------------------+-------+-------++-------
Melee: Hand axe          |   117 |    10 ||   127
       Quarterstaff      |       |    15 ||    15
Throw: Stone             |     9 |       ||     9
Invok: Berserk           |       |     2 ||     2
Armor: Animal skin       |    50 |     8 ||    58
Dodge: Dodged            |    75 |    23 ||    98
